 Dungeon Crawl Stone Soup version 0.24.0-123-gd5b16e6ec5 (webtiles) character file.

Game seed: 9934625094874323815, levelgen mode: deterministic

74 vurker the Stinger (level 4, 1/19 HPs)
             Began as a Felid Venom Mage on Jan 30, 2020.
             Quit the game on level 3 of the Dungeon.
             The game lasted 00:06:57 (3900 turns).

vurker the Stinger (Felid Venom Mage)               Turns: 3900, Time: 00:06:58

Health: 1/19       AC:  1    Str:  4    XL:     4   Next: 9%
Magic:  2/9        EV: 18    Int: 17    God:
Gold:   139        SH:  0    Dex: 16    Spells: 5/8 levels left
                                        Lives:  1   Deaths: 0

rFire    . . .     SeeInvis +   (weapon unavailable)
rCold    . . .     Gourm    .   (shield unavailable)
rNeg     . . .     Faith    .   (armour unavailable)
rPois    .         Spirit   .   (helmet unavailable)
rElec    .         Reflect  .   (cloak unavailable)
rCorr    .         Harm     .   (gloves unavailable)
MR       .....                  (boots unavailable)
Stlth    +++.......             (no amulet)
HPRegen  0.06/turn              (no ring)
MPRegen  0.11/turn              (no ring)

@: very slightly contaminated, quick
A: very small, no armour, no weapons or thrown items, stealth, claws 1, fangs 3,
see invisible, carnivore, speed 1, shaggy fur 1, slow metabolism 1, sharp paws
a: no special abilities


You were on level 3 of the Dungeon.
You were completely stuffed.

You visited 1 branch of the dungeon, and saw 3 of its levels.

You collected 139 gold pieces.

Inventory:

Jewellery
 k - an uncursed amulet of harm {unknown}
   (You found it on level 2 of the Dungeon)
Scrolls
 f - 4 scrolls of identify {unknown}
 g - a scroll of immolation {unknown}
 h - 2 scrolls of teleportation {unknown}
 j - a scroll of fog {unknown}
 l - a scroll of remove curse {unknown}
Potions
 a - a potion of brilliance {unknown}
 b - a potion of magic {unknown}
 c - 2 potions of agility {unknown}
 d - 2 potions of haste {unknown}
Comestibles
 e - 6 rations
 i - a chunk of flesh


   Skills:
 + Level 1.1 Fighting
 - Level 2.6 Dodging
 - Level 2.6 Stealth
 * Level 2.7 Spellcasting
 + Level 1.9 Conjurations
 + Level 0.6 Air Magic
 * Level 3.2 Poison Magic


You had 5 spell levels left.
You knew the following spells:

 Your Spells              Type           Power        Failure   Level  Hunger
a - Sting                 Conj/Pois      ##..         6%          1    #......
c - Poisonous Vapours     Pois/Air       #.....       12%         2    ##.....

Your spell library contained the following spells:

 Spells                   Type           Power        Failure   Level  Hunger
 Mephitic Cloud           Conj/Pois/Air  #.......     24%         3    ###....
 Olgreb's Toxic Radiance  Pois           ##......     43%         4    #####..
 Venom Bolt               Conj/Pois      ##........   86%         5    ######.


Dungeon Overview and Level Annotations

Branches:
Dungeon (3/15)

Altars:
Cheibriados
Qazlal
Uskayaw
The Shining One

Annotations:
D:2 Grinder
D:3 Jessica


Innate Abilities, Weirdness & Mutations

You cannot wear armour.
You are incapable of wielding weapons or throwing items.
Your paws allow you to move quietly. (Stealth)
You have sharp claws.
You have razor-sharp teeth.
You have supernaturally acute eyesight. (SInv)
You are carnivorous and can eat meat at any time.
You cover ground quickly.
You are covered in fur. (AC +1)
You have a slow metabolism.
Your sharp claws are effective at attacking unaware monsters.


Message History

Aim: a crimson imp (lightly wounded, poisoned)
You miscast Sting.
You are very lightly contaminated with residual magic.
You feel mildly nauseous. The crimson imp barely misses you.
You scratch the crimson imp. Your bite misses the crimson imp.
The crimson imp closely misses you.
You scratch the crimson imp but do no damage.
The crimson imp barely misses you.
You scratch the crimson imp but do no damage.
The crimson imp shouts, "Away with thee, thou craven onion-eyed nert!"
The crimson imp hits you.
You scratch the crimson imp but do no damage.
You bite the crimson imp, but do no damage.
The crimson imp completely misses you.
You miss the crimson imp.
The crimson imp looks more healthy.
The crimson imp barely misses you.
You miss the crimson imp. The crimson imp hits you.
You scratch the crimson imp but do no damage.
The crimson imp hits you.
You barely miss the crimson imp. The crimson imp hits you.
* * * LOW HITPOINT WARNING * * *
You are too injured to fight recklessly!
You are too injured to fight recklessly!
You are too injured to fight recklessly!
You barely miss the crimson imp. The crimson imp barely misses you.
You barely miss the crimson imp.
You bite the crimson imp, but do no damage.
The crimson imp misses you.
You completely miss the crimson imp. The crimson imp completely misses you.
You barely miss the crimson imp. The crimson imp hits you.
* * * LOW HITPOINT WARNING * * *
You closely miss the crimson imp.
The crimson imp blinks!
Aim: a crimson imp The sting hits the crimson imp.
The crimson imp blinks!
Aim: a crimson imp You miscast Sting.
The air around you crackles with energy!
Aim: a crimson imp The sting hits the crimson imp but does no damage.
Aim: a crimson imp You miscast Sting.
Nothing appears to happen.
The crimson imp hits you.
* * * LOW HITPOINT WARNING * * *
You closely miss the crimson imp. The crimson imp closely misses you.
You scratch the crimson imp. The crimson imp completely misses you.
You scratch the crimson imp but do no damage.
The crimson imp barely misses you.
You scratch the crimson imp but do no damage.
The crimson imp hits you.
* * * LOW HITPOINT WARNING

* * * #...# #...### #.....#####
#### #...#.#...##...#
########...#@...... #.#
#..........#.....# #.#######
#.(........#.....####.......#
#....)..÷...5...............#
###........#..@........)..[<..#
#..........#.....##......)....#
#..........#..<..##..÷........#
#....########....##..........##
#....# #....##..........#
#....# #....##........(.#
###### #....##..........#
#######..........# #(.........#


You could see a crimson imp and Jessica.

Vanquished Creatures
  An adder (D:3)
  A worm (D:3)
  A dart slug (D:1)
  3 leopard geckos
  2 orcs (D:3)
  3 bats
  A bat zombie (D:2)
  A giant cockroach (D:3)
  9 goblins
  4 hobgoblins
  8 jackals
  4 kobolds
  5 frilled lizards
  6 rats
49 creatures vanquished.

Notes
Turn   | Place    | Note
-------+----------+-------------------------------------------
     0 | D:1      | vurker the Felid Venom Mage began the quest for the Orb.
     0 | D:1      | Reached XP level 1. HP: 7/7 MP: 4/4
    23 | D:1      | Reached skill level 1 in Conjurations
   408 | D:1      | Reached XP level 2. HP: 12/12 MP: 4/6
   604 | D:1      | Learned a level 2 spell: Poisonous Vapours
  1298 | D:2      | Reached XP level 3. HP: 14/15 MP: 1/7
  1316 | D:2      | Reached skill level 3 in Poison Magic
  1971 | D:2      | Found a glowing golden altar of the Shining One.
  1972 | D:2      | Found a snail-covered altar of Cheibriados.
  1972 | D:2      | Found a stormy altar of Qazlal.
  1985 | D:2      | Found a hide-covered altar of Uskayaw.
  2585 | D:3      | Reached skill level 1 in Fighting
  3236 | D:3      | Noticed Grinder
  3241 | D:3      | Paralysed by Grinder for 3 turns
  3745 | D:3      | Reached XP level 4. HP: 19/19 MP: 3/9
  3850 | D:3      | Noticed Jessica
  3900 | D:3      | Quit the game

Levels and vault maps discovered:
D:1:      psy_arrival_whirlpool, layout_basic, chequers_jeans
D:2:      layout_loops_cross, nicolae_overflow_quartered_altars, first_ration,
          st_stairs_13, minmay_misc_feat_rugged
D:3:      layout_basic, uniq_jessica, uniq_grinder

Skill      XL: |  1  2  3 |
---------------+----------+-----
Conjurations   | 1 |  1.9
Poison Magic   | 3 |  3.2
Fighting       | 1 |  1.1
Dodging        | |  2.6
Stealth        | |  2.6
Spellcasting   | |  2.7
Air Magic      | |  0.6

Action                   |  1- 3 |  4- 6 || total
-------------------------+-------+-------++-------
Melee: Unarmed           |    82 |    17 ||    99
       Bite              |     6 |     2 ||     8
 Cast: Sting             |   107 |    11 ||   118
 Stab: Distracted        |     1 |       ||     1
  Eat: Chunk             |    12 |     2 ||    14
Armor: Skin              |    14 |       ||    14
Dodge: Dodged            |    91 |    11 ||   102
